 Dungeon Crawl Stone Soup version 0.21-a0-243-g597973d (webtiles) character file.

47 tidbits the Changer (level 3, 6/27 HPs)
             Began as a Demigod Transmuter on Sept 4, 2017.
             Quit the game on level 2 of the Dungeon.
             The game lasted 00:04:00 (611 turns).

tidbits the Changer (Demigod Transmuter)             Turns: 611, Time: 00:04:01

Health: 6/27       AC:  2    Str: 13    XL:     3   Next: 29%
Magic:  3/8        EV: 18    Int: 19    God:
Gold:   19         SH:  0    Dex: 21    Spells: 3/6 levels left

rFire    . . .     SeeInvis .   a - +0 short sword
rCold    . . .     Gourm    .   (no shield)
rNeg     . . .     Faith    .   b - +0 robe
rPois    .         Spirit   .   (no helmet)
rElec    .         Reflect  .   (no cloak)
rCorr    .         Harm     .   (no gloves)
MR       .....                  (no boots)
Stlth    +++.......             (no amulet)
HPRegen  0.09/turn              (no ring)
MPRegen  0.11/turn              (no ring)

@: agile, lethally poisoned (6 -> -2), appendage (expiring)
A: horns 2, high mp 1
a: End Transformation


You were on level 2 of the Dungeon.
You were not hungry.
You had grown temporary horns.
You visited 1 branch of the dungeon, and saw 2 of its levels.

You collected 19 gold pieces.

Inventory:

Hand Weapons
 a - a +0 short sword (weapon)
Missiles
 e - 8 arrows
 g - 58 stones (quivered)
 i - 20 sling bullets
Armour
 b - a +0 robe (worn)
Scrolls
 h - 3 scrolls of identify {unknown}
 j - a scroll of remove curse {unknown}
 l - 4 scrolls of fog {unknown}
Books
 c - a book of Changes

   Spells                             Type                      Level
   a - Beastly Appendage              Transmutation                1
   b - Sticks to Snakes               Transmutation                2
   c - Spider Form                    Transmutation/Poison         3
   d - Ice Form                       Ice/Transmutation            4
   e - Blade Hands                    Transmutation                5
Comestibles
 d - a bread ration
 f - 7 fruits


   Skills:
 - Level 0.8 Fighting
 - Level 1.7 Dodging
 - Level 2.8 Unarmed Combat
 - Level 2.0 Spellcasting
 + Level 3.2 Transmutations


You had 3 spell levels left.
You knew the following spells:

 Your Spells              Type           Power        Failure   Level  Hunger
e - Beastly Appendage     Tmut           ##....       4%          1    #......
k - Sticks to Snakes      Tmut           ##......     7%          2    ###....


Dungeon Overview and Level Annotations

Branches:
Dungeon (2/15)


Innate Abilities, Weirdness & Mutations

You have an increased reservoir of magic. (+10% MP)
You have a pair of horns on your head.


Message History

Your ball python dies!
You closely miss the rat. You claw the rat, but do no damage.
The rat is moderately wounded.
The rat bites you.
Unknown command.
You hit the rat.
You kill the rat!
You barely miss the hobgoblin. You claw the hobgoblin.
The hobgoblin is severely wounded.
The hobgoblin barely misses you.
You hit the hobgoblin.
You kill the hobgoblin!
Things that are here:
a club; a hobgoblin corpse Your talons disappear.
There is a large open door here.
g - 58 stones (gained 1)
h - 3 scrolls labeled KAJUXAKHUO (gained 1)
You now have 19 gold pieces (gained 15).
l - 4 scrolls labeled SYACVO MYDAENAE (gained 3)
There is a large open door here.
You see here a bat corpse.
You open the large door. 2 adders come into view.
You close the large door.
Casting: Sticks to Snakes
Confirm with . or Enter, or press ? or * to list all spells.
You grow a pair of large bovine horns.
Casting: Beastly Appendage
Confirm with . or Enter, or press ? or * to list all spells.
You create a snake!
You now have 9 arrows.
Casting: Sticks to Snakes
Confirm with . or Enter, or press ? or * to list all spells.
You create a snake!
You now have 8 arrows.
You open the large door.
The adder hisses angrily.
The adder bites you.
You are poisoned.
The adder poisons you!
You feel sick.
Something barely misses your ball python.
The adder barely misses your ball python.
You swap places.
The adder bites your ball python.
Your ball python barely misses the adder.
Your ball python closely misses the adder.
The adder bites your ball python.
Your ball python dies!
You feel sick.
The adder completely misses your ball python.
The adder bites you.
Your ball python closely misses the adder. x2
The adder bites your ball python.
Your ball python is poisoned.
The adder poisons your ball python!
You miss the adder. Your headbutt misses the adder.
The adder barely misses you.
Your ball python bites the adder.
Your ball python closely misses the adder.
The adder bites your ball python.
Your ball python dies!
The adder bites you.
You are more poisoned.
The adder poisons you!
You hit the adder. You headbutt the adder!
The adder is almost dead.
You feel sick. The adder misses you. The adder bites you.
You feel sick. The adder bites you but does no damage.
You hit the adder.
You kill the adder!
Your Transmutations skill increases to level 3!
You have reached level 3!
Your experience leads to a dramatic increase in your attributes!
Increase (S)trength, (I)ntelligence, or (D)exterity?
You feel clever. x2
You feel sick.
It was a potion of agility.
You feel agile all of a sudden.
You feel sick. The adder barely misses you.
You hit the adder.
The adder is moderately wounded.
Your transformation is almost over.
The adder closely misses you. x2
You hit the adder.
The adder is severely wounded.
You feel sick. The adder barely misses you.
You barely miss the adder. Your headbutt misses the adder.
The adder is severely wounded.
The adder closely misses you. x2
You hit the adder.
The adder is almost dead.
You feel sick. The adder bites you.
* * * LOW HITPOINT WARNING * * *
You are lethally poisoned!
The adder poisons you!
You hit the adder. You headbutt the adder.
You kill the adder!
* * * LOW HITPOINT WARNING * * *
You feel sick.
You aren't carrying any potions.
Unknown command.
Are you sure you want to abandon this character and quit the game? (Confirm with "yes".)

#.#####.#.#.# #.
#.)...#.#.#.#
#.##.#####.#.#.#.#
#.##.......<.#.#.#
#.########...#.#.# # #.#
########.#.#.# #.##..
...........#.#
##.#.#..##########.#.#.#
........†@.............#
###.##..##########.#.###
................##.#.#
..#.#''#.#......##<#.#
.. #..#........##.#.# ..
######......##.#.#
#....†......##.#.# .
#.)..'......##.#.# ..
######).....##.#.#


There were no monsters in sight!

Vanquished Creatures
  2 adders (D:2)
  A dart slug (D:1)
  A leopard gecko (D:1)
  5 goblins
  2 hobgoblins
  2 jackals (D:1)
  4 kobolds (D:1)
  2 bats (D:1)
  A frilled lizard (D:1)
  5 rats
25 creatures vanquished.

Vanquished Creatures (collateral kills)
  A bat (D:2)
  A goblin (D:1)
2 creatures vanquished.

Grand Total: 27 creatures vanquished

Notes
Turn   | Place    | Note
-------+----------+-------------------------------------------
     0 | D:1      | tidbits the Demigod Transmuter began the quest for the Orb.
     0 | D:1      | Reached XP level 1. HP: 15/15 MP: 5/5
    49 | D:1      | Reached skill level 2 in Spellcasting
   141 | D:1      | Reached skill level 2 in Transmutations
   184 | D:1      | Found a shattered altar of Ashenzari.
   214 | D:1      | Reached XP level 2. HP: 9/22 MP: 5/7
   251 | D:1      | Learned a level 2 spell: Sticks to Snakes
   604 | D:2      | Reached skill level 3 in Transmutations
   604 | D:2      | Reached XP level 3. HP: 14/27 MP: 3/8
   611 | D:2      | Quit the game

Vault maps used:
D:1:      erik_arrival_triangle_small, serial_bayou_pond_d, st_stairs_6,
          hangedman_decor_growths, minmay_misc_feat_four_crosses,
          ashenzari_altar_1
D:2:      minmay_mini_jars

Skill      XL: |  1  2 |
---------------+-------+-----
Spellcasting   | 2 |  2.0
Transmutations | 2 3 |  3.2
Fighting       | |  0.8
Dodging        | |  1.7
Unarmed Combat | |  2.8

Action                   || total
-------------------------++-------
Melee: Short sword       ||    55
       Unarmed           ||    14
       Headbutt          ||     7
       Kick              ||     5
       Punch             ||     2
Throw: Stone             ||     1
 Cast: Beastly Appendage ||    15
       Sticks to Snakes  ||     4
  Use: Potion            ||     1
Armor: Robe              ||    12
Dodge: Dodged            ||    42

Table legend:
 A = Spawn XP
 B = Non-spawn XP
 C = Spawn XP percentage of total XP
 D = Spawn monster count
 E = Non-spawn monster count
 F = Spawn count percentage of total count
 G = Total turns spent on level
                    A         B        C        D         E        F      G
               +---------+---------+-------+---------+---------+-------+---------
         Total |       2 |      66 |   2.9 |       2 |      25 |   7.4 |   611
               +---------+---------+-------+---------+---------+-------+---------
           D:1 |       2 |      30 |   6.2 |       2 |      17 |  10.5 |   470
           D:2 |       0 |      36 |   0.0 |       0 |       8 |   0.0 |   141
               +---------+---------+-------+---------+---------+-------+---------

Table legend:
 A = Turns spent in this place as a percentage of turns spent in the entire game.
 B = Non-inter-level travel turns spent in this place as a percentage of non-inter-level travel turns spent in the entire game.
 C = Inter-level travel turns spent in this place as a percentage of turns spent in this place.
 D = Turns resting spent in this place as a percentage of non-inter-level travel turns spent in this place.
 E = Turns spent auto-exploring this place as a percentage of non-inter-level travel turns spent in this place.
 F = Non-inter-level travel turns spent in this place divided by the number of levels of this place that you've seen.
                   A       B       C       D       E      F
               +-------+-------+-------+-------+-------+----------------------
         Total | 100.0 | 100.0 |   5.1 |   0.0 |   0.0 | 290.0
       Dungeon | 100.0 | 100.0 |   5.1 |   0.0 |   0.0 | 290.0
               +-------+-------+-------+-------+-------+----------------------

Table legend:
 A = Kills in this place as a percentage of kills in entire the game.
 B = Kills by you in this place as a percentage of kills by you in the entire game.
 C = Kills by friends in this place as a percentage of kills by friends in the entire game.
 D = Other kills in this place as a percentage of other kills in the entire game.
 E = Experience gained in this place as a percentage of experience gained in the entire game.
 F = Experience gained in this place divided by the number of levels of this place that you have seen.
                   A       B       C       D       E      F
               +-------+-------+-------+-------+-------+----------------------
         Total | 100.0 | 100.0 | 100.0 |   N/A | 100.0 |  34.0
       Dungeon | 100.0 | 100.0 | 100.0 |   N/A | 100.0 |  34.0
               +-------+-------+-------+-------+-------+----------------------

Vault maps used:
D:1:      erik_arrival_triangle_small, serial_bayou_pond_d, st_stairs_6,
          hangedman_decor_growths, minmay_misc_feat_four_crosses,
          ashenzari_altar_1
D:2:      minmay_mini_jars
